 Dungeon Crawl Stone Soup version bcrawl-1.27.3 (webtiles) character file.

Game seed: 4795048733702548198

31956 MisterOstroum the Ruffian (level 1, -2/14 HPs)
             Began as a Skeleton Martial Artist on Sept 24, 2020.
             Was a Follower of Wu Jian.
             Slain by Natasha (6 damage)
             ... on level 3 of the Dungeon.
             The game lasted 00:00:28 (50 turns).

MisterOstroum the Ruffian (Skeleton Martial Artist)   Turns: 50, Time: 00:00:29

Health: -2/14      AC:  2    Str: 18      XL:     1   Next: 8%
Magic:  0/3        EV: 12    Int:  7      God:    Wu Jian [*.....]
Gold:   0          SH:  0    Dex: 10 (11) Spells: 2/3 levels left

rFire    . . .     SeeInvis .     - Fists (8.5)
rCold    + . .     Gourm    .   (no shield)
rNeg     + + +     Faith    .   a - +0 robe
rPois    ∞         Spirit   +   (no helmet)
rElec    .         Reflect  .   (no cloak)
rCorr    .         Harm     .   (no gloves)
MR       .....                  (no boots)
Stlth    +.........             (no amulet)
HPRegen  0.04/turn              (no ring)
MPRegen  0.08/turn              (no ring)

@: confusing touch, slowed, glowing, very slow
A: no food or potions, cold resistance 1, deterioration 1, negative energy
resistance 3, torment resistance, unbreathing, magic shield, sturdy frame 1,
spell healing
a: Wall Jump, Renounce Religion


You were on level 3 of the Dungeon.
You worshipped Wu Jian.
Wu Jian was aware of your devotion.
You were not hungry.

You visited 1 branch of the dungeon, and saw 3 of its levels.

Inventory:

Armour
 a - a +0 robe (worn)


   Skills:
 * Level 3.0 Fighting
 - Level 3.0 Dodging
 + Level 1.2 Stealth
 * Level 3.6 Unarmed Combat
 - Level 1.5 Spellcasting
 - Level 1.1 Hexes


You had 2 spell levels left.
You knew the following spells:

 Your Spells              Type           Power        Failure   Level  Hunger
a - Confusing Touch       Hex            #.......     26%         1    N/A
Your spell library was empty.

Dungeon Overview and Level Annotations

Branches:
Dungeon (3/12)

Altars:
Lugonu

Annotations:
D:3 Natasha


Innate Abilities, Weirdness & Mutations

You do not eat or drink.
You are immune to poison.
Your flesh is cold resistant. (rC+)
Your body sometimes deteriorates upon taking damage.
You are immune to negative energy. (rN+++)
You are immune to unholy pain and torment.
You can survive without breathing.
When hurt, damage is shared between your health and your magic reserves.
Your movements are slightly less encumbered by armour. (ER -2)
Casting spells heals you.


Message History

Welcome, MisterOstroum the Skeleton Martial Artist.
Will you be the one to retrieve the transcendent Orb of Zot from the depths?
The Council says: Follow the path of wisdom and battle!
Press m to set your skill training.
Press ? for a list of commands and other information.
Found a staircase leading out of the dungeon.
A rat comes into view.
Found a stone staircase leading down.
Casting: Confusing Touch (safe; 26% risk of failure)
Confirm with . or Enter, or press ? or * to list all spells.
Your hands begin to glow red.
You lunge at the rat.
The rat seems disoriented.
You hit the rat.
You kill the rat!
The Council accepts your kill.
There is a stone staircase leading down here.
You climb downwards.
There is a stone staircase leading up here.
Your hands stop glowing.
Found a ration.
Found a stone staircase leading down.
Found a corrupted altar of Lugonu.
There is a stone staircase leading down here.
There is a stone staircase leading down here.
You climb downwards.
There is a stone staircase leading up here.
Natasha, Servant of Life and Death comes into view.
You have encountered a dangerous foe!
Natasha hisses angrily.
You see here 14 gold pieces.
Casting: Confusing Touch (safe; 26% risk of failure)
Confirm with . or Enter, or press ? or * to list all spells.
Your hands begin to glow red.
You spin and attack Natasha.
You closely miss Natasha. Natasha misses you.
You miss Natasha. You punch Natasha, but do no damage.
Natasha stares at you and mumbles some strange words.
You feel yourself slow down.
You spin and attack Natasha.
You closely miss Natasha. Natasha claws you.
Your body deteriorates!
You feel clumsy.
You hit Natasha.
Natasha is moderately wounded.
Natasha misses you. Natasha claws you!
Ouch! That really hurt!
* * * LOW HITPOINT WARNING * * *
You closely miss Natasha.
Natasha is moderately wounded.
Natasha claws you!
You die...

#.# #.# #.#
#<# ##.###
#..$.#
##.#.###
#...h.#
#?..@.#
#.........#
#.....###.#
.......#
..####.###
# #.# ..#
#.


You could see Natasha.

Vanquished Creatures
  A rat (D:1)
1 creature vanquished.

Notes
Turn   | Place    | Note
-------+----------+-------------------------------------------
     0 | D:1      | MisterOstroum the Skeleton Martial Artist began the quest
                  | for the Orb.
     0 | D:1      | Reached XP level 1. HP: 14/14 MP: 3/3
    37 | D:2      | Found a corrupted altar of Lugonu.
    42 | D:3      | Noticed Natasha
    50 | D:3      | Slain by Natasha

Action                   || total
-------------------------++-------
Melee: Unarmed           ||     6
       Punch             ||     1
 Cast: Confusing Touch   ||     2
Invok: Whirlwind         ||     2
       Lunge             ||     1
Dodge: Dodged            ||     2
